 Dungeon Crawl Stone Soup version 0.27.1-33-g824d729ab1 (webtiles) character file.

Game seed: 985950680193857027

89112 Moto the Warrior (level 15, -7/145 HPs)
             Began as a Minotaur Berserker on Dec 6, 2021.
             Was the Champion of Trog.
             Killed from afar by a deep elf pyromancer (15 damage)
             ... with a bolt of fire
             ... on level 1 of the Elven Halls.
             The game lasted 01:45:59 (24754 turns).

Moto the Warrior (Minotaur Berserker)              Turns: 24754, Time: 01:46:00

Health: -7/145     AC: 39    Str: 32    XL:     15   Next: 48%
Magic:  14/14      EV: 14    Int:  6    God:    Trog [******]
Gold:   1300       SH:  0    Dex: 18    Spells: 14/14 levels left

rFire    + . .     SeeInvis +   r - +9 war axe (venom)
rCold    + + .     Faith    .   f - +5 kite shield "Zadufamp" {rN+ Int+2 Dex+3 SInv}
rNeg     + . .     Spirit   .   N - +15 Maxwell's patent armour {-Cast -Tele rElec Will+ rCorr}
rPois    .         Reflect  .   (helmet restricted)
rElec    +         Harm     .   h - scarf {rC+ rF+}
rCorr    +         Rampage  .   a - +2 pair of gloves {Dex+3}
Will     ++...     NoTele   +   P - +2 pair of boots {Stlth+} Stlth ..........NoCast +
                                m - amulet of regeneration
HPRegen  1.34/turn              C - +6 ring of strength
MPRegen  0.14/turn              g - ring of protection from cold

@: confused, on berserk cooldown, slowed, very slow
A: horns 2, retaliatory headbutt
a: Renounce Religion, Berserk, Trog's Hand, Brothers in Arms


You were on level 1 of the Elven Halls.
You worshipped Trog.
Trog was exalted by your worship.
You visited 6 branches of the dungeon, and saw 23 of its levels.

You collected 2563 gold pieces.
You spent 1263 gold pieces at shops.

Inventory:

Hand Weapons
 r - a +9 war axe of venom (weapon)
 t - the +11 triple sword of Luxury {vorpal, Dex+4}
   (Trog gifted it to you on level 4 of the Lair of Beasts)

   It inflicts extra damage upon your enemies.
   Dex:       It affects your dexterity (+4).
 y - a +0 hand axe
 M - the +7 pair of quick blades "Gyre" and "Gimble" {protect}
   (You took it off a centaur warrior on level 11 of the Dungeon)

   It grants its wielder temporary protection when it strikes (+7 to AC).
 O - a +4 vampiric short sword
Missiles
 d - 30 poisoned darts
 j - 8 silver javelins
 L - 7 boomerangs
Armour
 a - a +2 pair of gloves of dexterity (worn)
 f - the +5 kite shield "Zadufamp" (worn) {rN+ Int+2 Dex+3 SInv}
   (You acquired it on level 8 of the Dungeon)

   Int:       It affects your intelligence (+2).
   Dex:       It affects your dexterity (+3).
   rN:        It protects you from negative energy.
   SInv:      It lets you see invisible.
 h - a scarf of resistance (worn)
 u - the +5 ring mail of Muastroud {Str+3 Dex+2}
   (You bought it in a shop on level 2 of the Dungeon)

   Str:       It affects your strength (+3).
   Dex:       It affects your dexterity (+2).
 N - the +15 Maxwell's patent armour (worn) {-Cast -Tele rElec Will+ rCorr}
   (You found it on level 11 of the Dungeon)

   rElec:     It insulates you from electricity.
   -Cast:     It prevents spellcasting.
   -Tele:     It prevents most forms of teleportation.
   rCorr:     It protects you from acid and corrosion.
   Will:      It increases your willpower.
 P - a +2 pair of boots of stealth (worn)
Jewellery
 g - a ring of protection from cold (right hand)
 l - a +6 ring of dexterity
 m - an amulet of regeneration (around neck)
 o - a ring of protection from fire
 B - a +6 ring of dexterity
 C - a +6 ring of strength (left hand)
 F - a ring of protection from cold
 G - a ring of resist corrosion
Wands
 p - a wand of digging (10)
 w - a wand of paralysis (19)
 A - a wand of iceblast (10)
 I - a wand of mindburst (10)
Scrolls
 c - 6 scrolls of magic mapping
 e - 9 scrolls of identify
 i - 6 scrolls of teleportation
 n - a scroll of summoning
 E - a scroll of brand weapon
 H - a scroll of fear
 J - a scroll of silence
 K - a scroll of enchant weapon
Potions
 b - 2 potions of ambrosia
 k - a potion of berserk rage
 q - 2 potions of cancellation
 s - 3 potions of magic
 x - 3 potions of curing
 z - a potion of might
Miscellaneous
 D - a box of beasts


   Skills:
 + Level 16.3 Fighting
 + Level 16.3 Axes
 + Level 16.1 Armour
 + Level 15.0 Dodging


You had 14 spell levels left.
You didn't know any spells.
Your spell library contained the following spells:

 Spells                   Type           Power      Damage    Failure   Level
 Iskenderun's Battlesphe  Conj           0%         2d6       100%        5
 Iron Shot                Conj/Erth      0%         9d1       100%        6
 Spellforged Servitor     Conj/Summ      0%         N/A       100%        7


Dungeon Overview and Level Annotations

Branches:
Dungeon (12/15)            Temple (1/1) D:5            Lair (6/6) D:9
 Shoals (0/4) Lair:3       Spider (0/4) Lair:4        Slime (1/5) Lair:6
    Orc (2/2) D:12            Elf (1/3) Orc:2

Altars:
Ashenzari
Cheibriados
Dithmenos
Elyvilon
Fedhas
Gozag
Hepliaklqana
Kikubaaqudgha
Makhleb
Nemelex Xobeh
Okawaru
Qazlal
Ru
Sif Muna
Trog
Uskayaw
Vehumet
Wu Jian
Xom
Yredelemnul
Zin
The Shining One
Jiyva

Shops:
D:2 *[   Orc:1 !   Orc:2 (**(

Annotations:
Lair:1 exclusion: oklob plant
Lair:6 2 transporters, McKennaii's ghost, journeyman DgCj
Elf:1 Agnes


Innate Abilities, Weirdness & Mutations

You have a pair of horns on your head.
You reflexively headbutt those who attack you in melee.


Message History

You are confused.
The deep elf pyromancer casts a spell.
The deep elf pyromancer blinks!
The deep elf pyromancer hits you but does no damage.
The fire elemental hits you. The fire elemental burns you! You resist.
* * * LOW HITPOINT WARNING * * *
The deep elf pyromancer casts a spell.
The deep elf pyromancer blinks!
You are too confused!
You are too confused!
You are too confused!
Okay, then.
You are too confused!
You miss the deep elf pyromancer.
Your headbutt misses the deep elf pyromancer.
You hit the deep elf zephyrmancer. You barely miss the fire elemental.
You closely miss Agnes.
You closely miss the deep elf annihilator.
You hit the fire elemental but do no damage.
Agnes hits you but does no damage. The fire elemental hits you.
The fire elemental burns you! You resist.
* * * LOW HITPOINT WARNING * * *
Agnes hits you with a +4 lajatang of pain.
* * * LOW HITPOINT WARNING * * *
You writhe in agony.
* * * LOW HITPOINT WARNING * * *
A deep elf pyromancer comes into view. It is wielding a +0 short sword.
The deep elf zephyrmancer hits you but does no damage.
A deep elf archer comes into view. It is wielding a +0 short sword.
The fire elemental hits you.
The deep elf pyromancer barely misses you.
The deep elf annihilator points at you and mumbles some strange words.
The crystal spear hits you.
* * * LOW HITPOINT WARNING * * *
The fire elemental hits you. The fire elemental burns you! You resist.
* * * LOW HITPOINT WARNING * * *
Agnes misses you.
The deep elf pyromancer casts a spell at you.
The bolt of fire hits you! You resist.
You die...

.... ........# .e°
.......###..# .. #°#
........##..# ... ##○##
..#.#.##..# ..###.°.##
#.#.#.##..# ###.....##
#.#.#.##..# ##...°ieE##
#.........#
#....○E@).####...†######
+..e..Eee?'..e...)......
#...e.)...####..........
##..e....## ##.#...#..#
##..e.)## #..###...#
##.."## #..# #...# ##+##
#..# #...# #.#. .#..#
#........#


You could see Agnes (very poisoned), a deep elf annihilator, 2 deep elf archers,
5 deep elf pyromancers, a deep elf zephyrmancer (very poisoned) and 3 fire
elementals.

Vanquished Creatures
  Jorgrun (Orc:2)
  A rockslime (Slime:1)
  Azrael (Elf:1)
  15 hydras
  A centaur warrior (D:11)
  2 boulder beetles
  A two-headed ogre (D:10)
  A catoblepas (Lair:6)
  A death knight (D:12)
  The ghost of Haraddelas the Transmogrifier, a journeyman OpTm of Okawaru (Lair:2)
  A dancing weapon (Elf:1)
  2 orc high priests (Orc:2)
  10 death yaks
  A deep elf knight (Elf:1)
  2 deep elf archers (Elf:1)
  A lindwurm (Lair:6)
  3 wizards (D:11)
  Pikel (D:4)
  7 deep elf pyromancers (Elf:1)
  4 cyclopes
  9 deep elf zephyrmancers (Elf:1)
  3 ugly things
  5 orc sorcerers
  A manticore (D:11)
  16 elephants
  2 black mambas (Lair:6)
  A gargoyle (D:10)
  2 torpor snails
  17 cane toads
  2 unseen horrors
  3 rime drakes (Lair:6)
  3 freezing wraiths (D:12)
  14 komodo dragons
  A queen bee (D:12)
  6 trolls
  3 meliai (D:12)
  Grinder (D:4)
  3 polar bears
  3 slime creatures (Slime:1)
  A hornet (D:9)
  10 blink frogs
  7 dream sheep
  A meliai zombie (D:11)
  A centaur simulacrum (D:11)
  A vampire (D:11)
  A water elemental (Elf:1)
  A human (D:12)
  27 yaks
  2 wyverns
  4 fire elementals (Elf:1)
  4 vampire mosquitoes (D:11)
  4 basilisks
  A steam dragon (Lair:1)
  Menkaure (D:4)
  2 wargs
  Edmund (D:4)
  An acid dragon (D:11)
  17 water moccasins
  5 hell hounds (Elf:1)
  An ice beast (D:6)
  21 orc warriors
  A sky beast (D:6)
  4 ogres
  2 black bears
  38 wolves
  10 centaurs
  2 lemures (D:4)
  A phantom (D:6)
  14 bullfrogs
  A kobold brigand (D:8)
  2 gnoll sergeants
  An earth elemental (Elf:1)
  4 scorpions
  30 killer bees
  9 wights
  2 howler monkeys
  4 centaur zombies
  2 hounds
  17 orc priests
  Crazy Yiuf (D:7)
  3 jellies (Lair:6)
  A bullfrog skeleton (D:6)
  4 centaur skeletons
  3 iguanas
  Jessica (D:3)
  2 gnoll shamans
  19 orc wizards
  Terence (D:2)
  16 hell rats
  A killer bee zombie (D:8)
  3 howler monkey zombies
  17 gnolls
  8 adders
  12 river rats (Lair:2)
  A shadow imp (D:7)
  4 worms
  2 dart slugs (D:2)
  54 orcs
  5 ball pythons
  6 endoplasms
  2 giant cockroaches
  6 goblins
  5 hobgoblins
  7 jackals (D:1)
  10 kobolds
  10 quokkas
  5 bats
  2 frilled lizards
  19 rats
640 creatures vanquished.

Vanquished Creatures (others)
  A deep elf zephyrmancer (Elf:1)
  A tarantella (shapeshifter) (Elf:1)
  An orc wizard (Orc:2)
  30 fungi
  46 plants
79 creatures vanquished.

Grand Total: 719 creatures vanquished

Notes
Turn   | Place    | Note
-------+----------+-------------------------------------------
     0 | D:1      | Moto the Minotaur Berserker began the quest for the Orb.
     0 | D:1      | Reached XP level 1. HP: 19/19 MP: 0/0
   172 | D:1      | Reached XP level 2. HP: 23/27 MP: 1/1
   359 | D:1      | Found a faded altar of an unknown god.
   369 | D:1      | Reached ** piety under Trog
   766 | D:2      | Reached XP level 3. HP: 31/33 MP: 2/2
   945 | D:2      | Found Gyceux's Antique Armour Shoppe.
  1122 | D:2      | Noticed Terence
  1130 | D:2      | Killed Terence
  1131 | D:2      | Reached XP level 4. HP: 29/41 MP: 3/3
  1412 | D:2      | Found Rosegem's Assorted Antiques.
  1809 | D:3      | Reached XP level 5. HP: 47/47 MP: 4/4
  1847 | D:3      | Noticed an ogre
  1854 | D:3      | Killed an ogre
  1855 | D:3      | Reached skill level 5 in Fighting
  1855 | D:3      | Reached skill level 5 in Axes
  2259 | D:3      | Reached XP level 6. HP: 56/56 MP: 5/5
  2269 | D:3      | Reached *** piety under Trog
  2669 | D:3      | Found a shimmering blue altar of Sif Muna.
  2873 | D:3      | Noticed Jessica
  2874 | D:3      | Killed Jessica
  2980 | D:4      | Noticed Menkaure
  2984 | D:4      | Killed Menkaure
  2985 | D:4      | Reached skill level 5 in Armour
  2985 | D:4      | Reached XP level 7. HP: 62/62 MP: 6/6
  3224 | D:4      | Noticed Edmund
  3234 | D:4      | Killed Edmund
  3280 | D:4      | Noticed Pikel
  3293 | D:4      | Killed Pikel
  3294 | D:4      | Reached skill level 5 in Dodging
  3294 | D:4      | Reached XP level 8. HP: 71/71 MP: 7/7
  3529 | D:4      | Noticed Grinder
  3541 | D:4      | Killed Grinder
  4110 | D:5      | Entered Level 5 of the Dungeon
  4579 | D:5      | Found a glowing golden altar of the Shining One.
  4684 | D:5      | Found a staircase to the Ecumenical Temple.
  5475 | D:6      | Identified a scroll of acquirement
  5475 | D:6      | Acquired a scarf of resistance
  5530 | D:6      | Reached **** piety under Trog
  5667 | D:6      | Reached XP level 9. HP: 81/81 MP: 8/8
  6404 | D:7      | Found a shimmering blue altar of Sif Muna.
  6679 | D:7      | Found a runed translucent door.
  6679 | D:7      | Noticed Crazy Yiuf
  6713 | D:7      | Killed Crazy Yiuf
  7758 | D:8      | Found a white marble altar of Elyvilon.
  7759 | D:8      | Found a sacrificial altar of Ru.
  7941 | D:8      | Acquired a +2 pair of gloves of dexterity
  7951 | D:8      | Acquired the +5 kite shield "Zadufamp" {rN+ Int+2 Dex+3
                  | SInv}
  7981 | D:9      | Found a staircase to the Lair.
  8006 | Lair:1   | Entered Level 1 of the Lair of Beasts
  8006 | Lair:1   | Noticed a four-headed hydra
  8035 | D:9      | HP: 5/124 [13-headed hydra (11)]
  8038 | D:9      | Killed a 13-headed hydra
  8039 | D:9      | Reached XP level 10. HP: 7/91 MP: 9/9
  8423 | D:9      | Reached ***** piety under Trog
  8424 | D:9      | Reached skill level 10 in Axes
  8429 | D:9      | Reached skill level 10 in Fighting
  8589 | D:9      | Found a burning altar of Makhleb.
  8849 | D:10     | Entered Level 10 of the Dungeon
  9004 | D:10     | Noticed a gargoyle
  9012 | D:10     | Killed a gargoyle
  9018 | D:10     | Reached skill level 10 in Armour
  9172 | D:10     | Found a blossoming altar of Fedhas.
  9512 | D:10     | Noticed a two-headed ogre
  9525 | D:10     | Killed a two-headed ogre
  9526 | D:10     | Reached XP level 11. HP: 101/101 MP: 10/10
  9592 | D:10     | Identified the +1 chain mail of the Sparrow {Rampage rF+
                  | Int+4}
 10452 | D:2      | Bought a jewelled ring mail for 153 gold pieces
 10452 | D:2      | Identified the +5 ring mail of Muastroud {Str+3 Dex+2} (You
                  | bought it in a shop on level 2 of the Dungeon)
 11304 | Lair:1   | Reached skill level 10 in Dodging
 11751 | Lair:1   | Noticed an oklob plant
 12000 | Lair:2   | Noticed a seven-headed hydra
 12006 | Lair:2   | Killed an 11-headed hydra
 12211 | Lair:2   | Found a gate leading to a gauntlet.
 12559 | Lair:2   | Found a large runed translucent door.
 12560 | Lair:2   | Found a large runed translucent door.
 12564 | Lair:2   | Noticed Haraddelas's ghost (journeyman OpTm)
 12601 | Lair:2   | Killed Haraddelas's ghost
 12785 | Lair:2   | Received a gift from Trog
 13104 | Lair:3   | Noticed a five-headed hydra
 13121 | Lair:3   | Killed a ten-headed hydra
 13122 | Lair:3   | Reached XP level 12. HP: 112/112 MP: 11/11
 13610 | Lair:3   | Noticed a five-headed hydra
 13628 | Lair:3   | Killed a nine-headed hydra
 13787 | Lair:3   | Found a staircase to the Shoals.
 14667 | Lair:4   | Found a hole to the Spider Nest.
 14673 | Lair:4   | Noticed a boulder beetle
 14681 | Lair:4   | Identified the +11 triple sword of Luxury {vorpal, Dex+4}
                  | (Trog gifted it to you on level 4 of the Lair of Beasts)
 14681 | Lair:4   | Received a gift from Trog
 14692 | Lair:4   | Killed a boulder beetle
 15122 | Lair:4   | Noticed a four-headed hydra
 15134 | Lair:4   | Killed a ten-headed hydra
 15716 | Lair:5   | Noticed a four-headed hydra
 15729 | Lair:5   | Killed a 12-headed hydra
 15846 | Lair:5   | Noticed a seven-headed hydra
 15852 | Lair:5   | Killed a nine-headed hydra
 15853 | Lair:5   | Reached XP level 13. HP: 122/122 MP: 12/12
 17344 | Lair:6   | Entered Level 6 of the Lair of Beasts
 17391 | Lair:6   | Found a runed translucent door.
 17391 | Lair:6   | Found a viscous altar of Jiyva.
 17392 | Lair:6   | Found a staircase to the Slime Pits.
 17447 | Lair:6   | Found a transporter.
 17492 | Lair:6   | Found a bloodstained altar of Trog.
 17493 | Lair:6   | Noticed McKennaii's ghost (journeyman DgCj)
 17832 | Lair:6   | Reached ****** piety under Trog
 18173 | Lair:6   | Identified the +7 battleaxe of Trog's Respect {vorpal,
                  | *Rage rElec rF+++ Dex+7} (Trog gifted it to you on level 6
                  | of the Lair of Beasts)
 18173 | Lair:6   | Received a gift from Trog
 18467 | Lair:6   | Reached XP level 14. HP: 133/133 MP: 13/13
 19266 | Lair:6   | Identified the +1 plate armour of Isyiwuok {Rampage}
 19500 | Lair:6   | Identified the +5 great sword of the Jumping Visionary
                  | {venom, Drain rElec rN+}
 19704 | Lair:6   | Found a transporter.
 19944 | Lair:6   | Reached skill level 15 in Fighting
 19955 | Slime:1  | Entered Level 1 of the Pits of Slime
 19955 | Slime:1  | Noticed a rockslime
 19965 | Slime:1  | Killed a rockslime
 19966 | Slime:1  | Reached skill level 15 in Axes
 19973 | Slime:1  | Noticed an acid blob
 19974 | Slime:1  | Noticed an azure jelly
 20516 | Temple   | Entered the Ecumenical Temple
 21058 | D:11     | Reached skill level 15 in Armour
 21667 | D:11     | Found the +15 Maxwell's patent armour {-Cast -Tele rElec
                  | Will+ rCorr}
 21842 | D:11     | Identified the +4 hand crossbow of Earthquakes {elec,
                  | rPois}
 22073 | D:11     | Received a gift from Trog
 22201 | D:12     | Found a staircase to the Orcish Mines.
 22828 | Orc:1    | Entered Level 1 of the Orcish Mines
 22828 | Orc:1    | Found Ishog's Distillery.
 22919 | Orc:1    | Bought a potion of heal wounds for 75 gold pieces
 22919 | Orc:1    | Bought 2 potions of curing for 90 gold pieces
 22919 | Orc:1    | Bought a potion of heal wounds for 75 gold pieces
 22919 | Orc:1    | Bought a potion of might for 60 gold pieces
 22919 | Orc:1    | Bought a potion of heal wounds for 75 gold pieces
 22919 | Orc:1    | Bought a potion of curing for 45 gold pieces
 23028 | Orc:1    | Received a gift from Trog
 23259 | Orc:2    | Entered Level 2 of the Orcish Mines
 23299 | Orc:2    | Reached XP level 15. HP: 143/143 MP: 14/14
 23584 | Orc:2    | Paralysed by an orc sorcerer for 2 turns
 23617 | Orc:2    | Found Ynixer's Weapon Boutique.
 23617 | Orc:2    | Found Widdikept's Weapon Shop.
 23617 | Orc:2    | Found Fufui's Assorted Antiques.
 23688 | Orc:2    | Found Sexec's Assorted Antiques.
 23699 | Orc:2    | Bought a potion of curing for 81 gold pieces
 23699 | Orc:2    | Bought a potion of curing for 81 gold pieces
 23701 | Orc:2    | Bought a scroll of fear for 112 gold pieces
 23701 | Orc:2    | Bought a scroll of magic mapping for 112 gold pieces
 23701 | Orc:2    | Bought a scroll of enchant weapon for 240 gold pieces
 23701 | Orc:2    | Bought a scroll of identify for 64 gold pieces
 23833 | Orc:2    | Found a staircase to the Elven Halls.
 23833 | Orc:2    | Noticed Jorgrun
 23857 | Orc:2    | Killed Jorgrun
 24087 | Orc:2    | Received a gift from Trog
 24388 | Elf:1    | Entered Level 1 of the Elven Halls
 24702 | Elf:1    | Noticed Azrael
 24713 | Elf:1    | Killed Azrael
 24742 | Elf:1    | Noticed Agnes
 24751 | Elf:1    | Reached skill level 15 in Dodging
 24754 | Elf:1    | Killed from afar by a deep elf pyromancer

Illustrated notes

Levels and vault maps discovered:
D:1:      minmay_arrival_floating_metal, layout_rooms,
          shapermc_ecumenical_altar_mp_highgroup, nrook_campfire
D:2:      layout_basic, serial_shops, nicolae_shop_overgrown_old_shop, shop,
          uniq_terence
D:3:      layout_basic, nicolae_sif_muna_condensation, uniq_jessica
D:4:      layout_layer_cave, uniq_grinder, uniq_edmund, uniq_pikel,
          uniq_menkaure
D:5:      layout_rooms, general_overflow_altar, minmay_temple_entry_mist
D:6:      layout_basic
D:7:      layout_cave_pools, minmay_ruined_shrine, uniq_crazy_yiuf_cottage
D:8:      layout_basic, gammafunk_temple_overflow_pools
D:9:      layout_cave_pools, nicolae_overflow_hidden_temple, lair_entry_dummy,
          kennysheep_another_room, minmay_misc_feat_cross
D:10:     layout_basic, mainiacjoe_overflow_small_starburst, solitary_fountain,
          kennysheep_generic_room_7
D:11:     minmay_the_grid_triangle_9x9_recursive_2
          [minmay_the_grid_triangle_9x9_prize_center,
          minmay_the_grid_triangle_9x9_warning,
          minmay_the_grid_triangle_9x9_windchime,
          minmay_the_grid_triangle_9x9_wacky_v], layout_rooms
D:12:     layout_rooms, erik_orc_4, special_room [special_room_bee]
Temple:   lightli_temple_of_artemis
Lair:1:   statuecave_lemuel, layout_big_grid, beast_lair_carwin_9,
          minmay_lair_oklob_chamber, serial_bayou_shore_a
Lair:2:   lemuel_ratsnest, layout_chaotic_city, ebering_ghost_disaster_area,
          gauntlet_entry_generic
Lair:3:   layout_gridlike, minmay_shoals_entry_centaurs,
          grunt_forest_large_clearings, grunt_megastairs_5
Lair:4:   layout_layer_cave, nicolae_spider_entry_non_spiders,
          serial_bayou_shore_b
Lair:5:   layout_regular_city, hangedman_lair_generics_rect,
          serial_bayou_shore_b
Lair:6:   hangedman_lair_in_review, layout_cellular_growth, slime_altar_2,
          gammafunk_ghost_wrathful_warriors, lemuel_fruit_fields
Slime:1:  layout_caves
Orc:1:    layout_caves, serial_shops, nicolae_shop_crystal
Orc:2:    st_orc_mages, layout_diamond_mine, uniq_jorgrun
Elf:1:    eino_elf_arrival_sip, layout_loops_corners, minmay_elf_sorcery,
          david_defended_altar_elf, uniq_agnes, uniq_azrael

Skill      XL: |  1  2  3  4  5  6  7  8  9 10 11 12 13 14 15 |
---------------+----------------------------------------------+-----
Fighting       | 4 5 6 7 9 10 12 13 14 15 16 | 16.3
Axes           | 4 5 6 7 9 10 12 13 14 15 16 | 16.3
Armour         | 3 4 5 6 7 9 10 11 13 14 15 16 | 16.1
Dodging        | 3 4 5 6 8 9 10 12 13 14 15 | 15.0

Action                   |  1- 3 |  4- 6 |  7- 9 | 10-12 | 13-15 || total
-------------------------+-------+-------+-------+-------+-------++-------
Melee: Hand axe          |    76 |    65 |   210 |       |       ||   351
       Headbutt          |    12 |    16 |    38 |   122 |   235 ||   423
       War axe           |       |       |    15 |   384 |   667 ||  1066
Invok: Berserk           |       |     3 |     8 |    17 |    23 ||    51
Evoke: Wand              |       |       |     4 |    10 |    15 ||    29
       Box of beasts     |       |       |       |       |     1 ||     1
  Use: Scroll            |       |     6 |    13 |     4 |    13 ||    36
       Potion            |       |     1 |    11 |     2 |     9 ||    23
 Stab: Invisible         |       |       |     3 |       |       ||     3
       Sleeping          |       |       |       |       |     1 ||     1
Armor: Animal skin       |    10 |       |       |       |       ||    10
       Chain mail        |    26 |    35 |    73 |     4 |       ||   138
       Plate armour      |       |       |    51 |    44 |   209 ||   304
       Ring mail         |       |       |       |   119 |   147 ||   266
Dodge: Dodged            |    43 |    22 |   121 |   277 |   342 ||   805
Block: Kite shield       |       |       |    35 |   368 |   561 ||   964
